[ AOE2 MATCH · #507605765 ]
UnrankedKhmer vs Aztecs
Player's team · WIN
Rival team · LOSS
[ REPLAY ANALYSIS · EXTRACTED FROM THE RECORDED GAME ]
Feudal
8:31
Castle
20:06
Imperial
—
| APM avg | 78.9 |
| APM peak | 119 |
| eAPM avg | 33.5 |
| Villagers / military | 86 / 38 |
Focus
⚔️ 55.3% · 🌾 44.7%
Archer ×15 · Ballista Elephant ×8 · Scorpion ×7 · Battering Ram ×3 · Scout Cavalry ×2 · Battle Elephant ×2
Feudal
11:41
Castle
23:00
Imperial
—
| APM avg | 58.3 |
| APM peak | 92 |
| eAPM avg | 31.6 |
| Villagers / military | 82 / 107 |
Focus
⚔️ 50.0% · 🌾 50.0%
Eagle Scout ×91 · Skirmisher ×6 · Militia ×5 · Spearman ×3 · Archer ×2
Match map
Initial resources + every placement click. Lines = walls · curves = elevation contours. ◆ gold · ⬟ stone · ● berries · ✦ relic · ◌ wall gap
Your base· Open — opponent sealed themselves in
poweredbygamespy's base· ✓ Closed at 23:00 · 69t walls · no gate
Smoothed initial terrain · ◌ = detected wall gap · hover for details
Inputs per minute
— __Chino - - poweredbygamespy
Build order — __Chino
First 150 of 234 actions detected
| 0:00 | Queue | Villager (Male) |
| 0:00 | Queue | Villager (Male) |
| 0:01 | Queue | Villager (Male) |
| 0:02 | Build | House |
| 0:02 | Build | House |
| 0:06 | Queue | Villager (Male) |
| 1:22 | Queue | Villager (Male) |
| 1:58 | Queue | Villager (Male) |
| 1:58 | Queue | Villager (Male) |
| 2:01 | Build | Lumber Camp |
| 2:15 | Queue | Villager (Male) |
| 2:16 | Queue | Villager (Male) |
| 2:46 | Queue | Villager (Male) |
| 3:08 | Queue | Villager (Male) |
| 3:43 | Queue | Villager (Male) |
| 3:50 | Build | House |
| 3:56 | Queue | Villager (Male) |
| 4:19 | Queue | Villager (Male) |
| 4:41 | Queue | Villager (Male) |
| 4:52 | Queue | Villager (Male) |
| 5:27 | Build | Mill |
| 5:43 | Research | Loom |
| 6:21 | Research | Feudal Age |
| 6:39 | Build | Palisade Wall |
| 7:28 | Build | House |
| 7:41 | Queue | Villager (Male) |
| 8:12 | Build | Palisade Wall |
| 8:31 | Age | Feudal Age |
| 8:32 | Build | Stable |
| 8:33 | Queue | Villager (Male) |
| 8:34 | Research | Double-Bit Axe |
| 8:45 | Research | Horse Collar |
| 8:59 | Build | Palisade Gate |
| 9:03 | Build | House |
| 9:12 | Queue | Scout Cavalry |
| 9:12 | Queue | Scout Cavalry |
| 9:14 | Build | House |
| 9:38 | Build | Palisade Wall |
| 9:40 | Build | Mill |
| 9:43 | Queue | Villager (Male) |
| 10:07 | Queue | Villager (Male) |
| 10:12 | Build | Farm |
| 10:14 | Build | Farm |
| 10:24 | Build | Farm |
| 10:29 | Build | House |
| 10:32 | Build | Palisade Wall |
| 10:39 | Queue | Villager (Male) |
| 10:45 | Build | Palisade Wall |
| 10:55 | Build | Farm |
| 11:13 | Queue | Villager (Male) |
| 11:14 | Queue | Villager (Male) |
| 11:21 | Build | Farm |
| 11:25 | Queue | Villager (Male) |
| 11:50 | Queue | Villager (Male) |
| 12:08 | Build | Archery Range |
| 12:14 | Queue | Villager (Male) |
| 12:30 | Queue | Villager (Male) |
| 12:40 | Build | Mining Camp |
| 12:47 | Queue | Villager (Male) |
| 13:07 | Queue | Archer |
| 13:09 | Build | Farm |
| 13:23 | Build | Palisade Wall |
| 13:25 | Queue | Villager (Male) |
| 13:36 | Build | Farm |
| 14:01 | Queue | Villager (Male) |
| 14:03 | Queue | Archer |
| 14:11 | Build | Farm |
| 14:16 | Build | Farm |
| 14:17 | Queue | Villager (Male) |
| 14:40 | Queue | Archer |
| 14:45 | Build | House |
| 14:51 | Queue | Villager (Male) |
| 14:52 | Queue | Archer |
| 15:12 | Build | Palisade Gate |
| 15:19 | Queue | Villager (Male) |
| 15:20 | Queue | Archer |
| 15:49 | Build | House |
| 15:56 | Queue | Villager (Male) |
| 16:17 | Build | House |
| 16:36 | Build | House |
| 16:39 | Build | House |
| 16:44 | Build | House |
| 16:57 | Build | House |
| 17:13 | Build | Watch Tower |
| 17:26 | Research | Castle Age |
| 18:14 | Build | Blacksmith |
| 18:55 | Build | Market |
| 18:56 | Build | Palisade Wall |
| 18:59 | Build | House |
| 19:01 | Research | Fletching |
| 19:01 | Research | Fletching |
| 19:04 | Queue | Villager (Male) |
| 19:54 | Build | House |
| 20:06 | Age | Castle Age |
| 20:08 | Research | Bow Saw |
| 20:10 | Research | Bodkin Arrow |
| 20:11 | Research | Crossbowman (upgrade) |
| 20:16 | Build | Siege Workshop |
| 20:19 | Queue | Villager (Male) |
| 20:35 | Build | Farm |
| 20:41 | Queue | Battle Elephant |
| 20:58 | Queue | Scorpion |
| 20:59 | Build | House |
| 21:05 | Queue | Villager (Male) |
| 21:23 | Queue | Battle Elephant |
| 21:24 | Queue | Villager (Male) |
| 21:31 | Queue | Battering Ram |
| 21:37 | Build | House |
| 21:37 | Queue | Villager (Male) |
| 21:53 | Queue | Villager (Male) |
| 22:00 | Build | Mining Camp |
| 22:09 | Queue | Scorpion |
| 22:12 | Build | House |
| 22:12 | Queue | Villager (Male) |
| 22:21 | Build | House |
| 22:40 | Build | Outpost |
| 22:42 | Queue | Scorpion |
| 22:42 | Queue | Villager (Male) |
| 22:43 | Build | Farm |
| 22:44 | Build | Farm |
| 22:52 | Build | Monastery |
| 23:11 | Queue | Archer |
| 23:12 | Queue | Archer |
| 23:14 | Queue | Scorpion |
| 23:29 | Queue | Villager (Male) |
| 23:30 | Build | Farm |
| 23:31 | Build | Farm |
| 23:32 | Queue | Villager (Male) |
| 23:35 | Build | House |
| 23:46 | Queue | Monk |
| 24:14 | Queue | Battering Ram |
| 24:26 | Queue | Scorpion |
| 24:27 | Queue | Villager (Male) |
| 24:28 | Build | Farm |
| 24:35 | Queue | Villager (Male) |
| 25:23 | Queue | Scorpion |
| 25:23 | Queue | Villager (Male) |
| 25:24 | Queue | Villager (Male) |
| 25:27 | Build | Town Center |
| 25:32 | Queue | Battering Ram |
| 25:33 | Queue | Villager (Male) |
| 25:43 | Build | Farm |
| 25:52 | Queue | Villager (Male) |
| 25:59 | Queue | Scorpion |
| 26:00 | Queue | Villager (Male) |
| 26:09 | Queue | Archer |
| 26:09 | Queue | Archer |
| 26:51 | Queue | Archer |
| 26:52 | Queue | Archer |
| 26:56 | Queue | Villager (Male) |
Build order — poweredbygamespy
First 150 of 312 actions detected
| 0:00 | Queue | Villager (Male) |
| 0:01 | Queue | Villager (Male) |
| 0:02 | Build | House |
| 0:03 | Build | House |
| 0:05 | Queue | Villager (Male) |
| 0:07 | Queue | Villager (Male) |
| 1:25 | Queue | Villager (Male) |
| 1:46 | Queue | Villager (Male) |
| 1:59 | Queue | Villager (Male) |
| 2:07 | Build | Lumber Camp |
| 2:35 | Queue | Villager (Male) |
| 2:58 | Queue | Villager (Male) |
| 3:04 | Queue | Villager (Male) |
| 3:25 | Queue | Villager (Male) |
| 3:40 | Queue | Villager (Male) |
| 3:53 | Build | House |
| 4:25 | Queue | Villager (Male) |
| 4:30 | Build | Palisade Wall |
| 4:31 | Build | Palisade Wall |
| 4:36 | Queue | Villager (Male) |
| 4:56 | Build | Barracks |
| 5:07 | Queue | Villager (Male) |
| 5:25 | Build | House |
| 5:34 | Queue | Villager (Male) |
| 5:54 | Queue | Militia |
| 5:54 | Queue | Militia |
| 6:04 | Build | Mill |
| 6:15 | Build | Palisade Wall |
| 6:16 | Queue | Villager (Male) |
| 6:32 | Queue | Militia |
| 6:56 | Build | House |
| 7:02 | Queue | Villager (Male) |
| 7:25 | Build | Mill |
| 7:33 | Queue | Villager (Male) |
| 7:38 | Build | House |
| 7:40 | Build | Palisade Wall |
| 7:59 | Queue | Villager (Male) |
| 8:22 | Build | House |
| 8:24 | Queue | Villager (Male) |
| 8:25 | Research | Loom |
| 9:31 | Research | Feudal Age |
| 9:38 | Build | Lumber Camp |
| 10:12 | Build | Palisade Wall |
| 10:28 | Queue | Villager (Male) |
| 11:31 | Queue | Villager (Male) |
| 11:34 | Build | House |
| 11:39 | Build | Farm |
| 11:41 | Build | Farm |
| 11:41 | Age | Feudal Age |
| 11:43 | Build | Farm |
| 11:43 | Queue | Spearman |
| 11:50 | Research | Double-Bit Axe |
| 12:07 | Queue | Spearman |
| 12:10 | Research | Man-at-Arms (upgrade) |
| 12:11 | Research | Man-at-Arms (upgrade) |
| 12:30 | Build | Archery Range |
| 12:33 | Queue | Villager (Male) |
| 12:50 | Build | Mining Camp |
| 13:02 | Queue | Villager (Male) |
| 13:03 | Queue | Villager (Male) |
| 13:11 | Queue | Skirmisher |
| 13:14 | Queue | Villager (Male) |
| 13:27 | Queue | Spearman |
| 13:37 | Queue | Archer |
| 13:38 | Queue | Villager (Male) |
| 13:39 | Build | Farm |
| 13:47 | Queue | Villager (Male) |
| 13:48 | Queue | Skirmisher |
| 13:52 | Build | Farm |
| 13:54 | Queue | Villager (Male) |
| 14:04 | Queue | Skirmisher |
| 14:28 | Build | Farm |
| 14:29 | Build | Farm |
| 14:30 | Build | Farm |
| 14:37 | Queue | Villager (Male) |
| 14:44 | Build | Palisade Wall |
| 14:54 | Build | Farm |
| 14:57 | Queue | Villager (Male) |
| 14:58 | Queue | Skirmisher |
| 15:07 | Build | House |
| 15:10 | Build | Palisade Wall |
| 15:16 | Build | Palisade Wall |
| 15:23 | Build | Palisade Wall |
| 15:24 | Build | Palisade Wall |
| 15:27 | Queue | Skirmisher |
| 15:39 | Queue | Villager (Male) |
| 15:47 | Build | House |
| 15:50 | Research | Horse Collar |
| 15:52 | Build | Farm |
| 15:53 | Build | Farm |
| 15:57 | Build | Farm |
| 16:08 | Queue | Villager (Male) |
| 16:17 | Build | House |
| 16:27 | Queue | Skirmisher |
| 16:28 | Queue | Villager (Male) |
| 16:34 | Build | Blacksmith |
| 16:41 | Research | Arson |
| 16:41 | Research | Arson |
| 16:45 | Queue | Militia |
| 16:47 | Build | Farm |
| 16:48 | Build | Farm |
| 16:54 | Queue | Villager (Male) |
| 16:56 | Queue | Archer |
| 17:23 | Queue | Militia |
| 17:30 | Build | Farm |
| 17:30 | Build | Farm |
| 17:35 | Research | Fletching |
| 17:35 | Research | Fletching |
| 17:37 | Queue | Villager (Male) |
| 17:58 | Queue | Villager (Male) |
| 18:07 | Queue | Villager (Male) |
| 18:09 | Build | Farm |
| 18:10 | Build | Farm |
| 18:17 | Build | House |
| 18:18 | Build | House |
| 18:22 | Build | Mill |
| 18:22 | Build | Farm |
| 18:23 | Build | Farm |
| 18:23 | Build | Farm |
| 18:23 | Build | Farm |
| 18:30 | Research | Padded Archer Armor |
| 18:31 | Research | Padded Archer Armor |
| 19:12 | Build | House |
| 19:16 | Build | Palisade Wall |
| 19:18 | Build | Farm |
| 19:21 | Build | Farm |
| 19:23 | Build | Farm |
| 19:24 | Build | Farm |
| 19:25 | Queue | Villager (Male) |
| 19:55 | Queue | Villager (Male) |
| 20:10 | Build | Barracks |
| 20:18 | Research | Castle Age |
| 20:18 | Research | Castle Age |
| 20:21 | Build | Mining Camp |
| 20:26 | Queue | Villager (Male) |
| 20:45 | Research | Gold Mining |
| 20:57 | Build | Watch Tower |
| 21:06 | Build | Watch Tower |
| 21:21 | Build | Market |
| 21:34 | Queue | Eagle Scout |
| 21:34 | Queue | Eagle Scout |
| 21:45 | Queue | Villager (Male) |
| 21:49 | Queue | Eagle Scout |
| 21:55 | Build | Barracks |
| 22:04 | Queue | Villager (Male) |
| 22:33 | Queue | Eagle Scout |
| 22:34 | Queue | Eagle Scout |
| 22:36 | Research | Forging |
| 22:36 | Research | Scale Mail Armor |
| 22:36 | Research | Scale Mail Armor |
Match timeline
| 4:30 | poweredbygamespy · wall_segment Palisade Wall x1 |
| 4:31 | poweredbygamespy · wall_segment Palisade Wall x1 |
| 4:56 | poweredbygamespy · first_building Barracks |
| 6:15 | poweredbygamespy · wall_segment Palisade Wall x3 |
| 6:39 | __Chino · wall_segment Palisade Wall x4 |
| 7:40 | poweredbygamespy · wall_segment Palisade Wall x2 |
| 8:12 | __Chino · wall_segment Palisade Wall x1 |
| 8:31 | __Chino · age_up feudal |
| 8:32 | __Chino · first_building Stable |
| 9:38 | __Chino · wall_segment Palisade Wall x3 |
| 10:12 | poweredbygamespy · wall_segment Palisade Wall x16 |
| 10:32 | __Chino · wall_segment Palisade Wall x4 |
| 10:45 | __Chino · wall_segment Palisade Wall x1 |
| 11:41 | poweredbygamespy · age_up feudal |
| 12:08 | __Chino · first_building Archery Range |
| 12:30 | poweredbygamespy · first_building Archery Range |
| 13:23 | __Chino · wall_segment Palisade Wall x1 |
| 14:44 | poweredbygamespy · wall_segment Palisade Wall x17 |
| 15:10 | poweredbygamespy · wall_segment Palisade Wall x3 |
| 15:16 | poweredbygamespy · wall_segment Palisade Wall x10 |
| 15:23 | poweredbygamespy · wall_segment Palisade Wall x13 |
| 15:24 | poweredbygamespy · wall_segment Palisade Wall x4 |
| 18:56 | __Chino · wall_segment Palisade Wall x1 |
| 19:16 | poweredbygamespy · wall_segment Palisade Wall x15 |
| 20:06 | __Chino · age_up castle |
| 20:16 | __Chino · first_building Siege Workshop |
| 21:21 | __Chino · first_market_sell 100 wood |
| 22:52 | __Chino · first_building Monastery |
| 23:00 | poweredbygamespy · age_up castle |
| 23:10 | poweredbygamespy · first_market_sell 100 wood |
| 28:02 | __Chino · first_market_buy 100 wood |
| 29:08 | __Chino · wall_segment Stone Wall x10 |
| 29:29 | __Chino · first_building Castle |
| 29:45 | __Chino · wall_segment Stone Wall x11 |
| 31:34 | __Chino · wall_segment Stone Wall x1 |
| 33:52 | __Chino · wall_segment Stone Wall x3 |
| 34:22 | poweredbygamespy · resign |
[ AI ANALYSIS · 1 CREDIT ]
What really happened in this match?
Wolo.gg analyzes every decision: build order, eco, micro, common mistakes by bracket. Personalized analysis on WhatsApp or Discord in 30 seconds.
Civ guide
Khmer
Perfil
Jugador #3254820